 Dungeon Crawl Stone Soup version 0.28.0 (webtiles) character file.

Game seed: 13170389175434267174

1880 browni3141 the Skirmisher (level 9, -8/56 HPs)
             Began as a Gargoyle Berserker on Feb 16, 2022.
             Was a Believer of Trog.
             Mangled by dropkickpikachu's ghost (12 damage)
             ... on level 6 of the Dungeon.
             The game lasted 00:02:12 (3781 turns).

browni3141 the Skirmisher (Gargoyle Berserker)      Turns: 3781, Time: 00:02:13

Health: -8/56      AC: 15    Str: 21    XL:     9   Next: 14%
Magic:  9/9        EV: 11    Int:  8    God:    Trog [**....]
Gold:   226        SH:  0    Dex: 13    Spells: 8/8 levels left

rFire   . . .      SeeInvis .   j - +0 hand axe (venom)
rCold   . . .      Faith    .   (no shield)
rNeg    + . .      Spirit   .   f - +0 scale mail
rPois   ∞          Reflect  .   (no helmet)
rElec   +          Harm     .   (no cloak)
rCorr   .          Rampage  .   e - +0 pair of gloves
Will    ++...                   (no boots)
Stlth   ++........              (no amulet)
HPRegen 1.18/turn               s - ring of flight
MPRegen 0.11/turn               (no ring)

@: strong-willed, on berserk cooldown, flying, regenerating, slowed, very slow
A: sickness immunity, AC +6, negative energy resistance 1, electricity
resistance, torment resistance 1, petrification resistance
a: Renounce Religion, Berserk, Trog's Hand


You were on level 6 of the Dungeon.
You worshipped Trog.
Trog was pleased with you.
You visited 1 branch of the dungeon, and saw 6 of its levels.

You collected 226 gold pieces.

Inventory:

Hand Weapons
 a - a +0 hand axe
 j - a +0 hand axe of venom (weapon)
Missiles
 t - 3 throwing nets (quivered)
Armour
 b - a +0 animal skin
 e - a +0 pair of gloves (worn)
 f - a +0 scale mail (worn)
Jewellery
 s - a ring of flight (left hand)
Wands
 r - a wand of charming (9)
Scrolls
 c - a scroll of enchant weapon {unknown}
 d - 6 scrolls of identify {unknown}
 g - 3 scrolls of teleportation {unknown}
 i - a scroll of silence {unknown}
 m - a scroll of vulnerability {unknown}
 n - a scroll of torment {unknown}
 o - 2 scrolls of enchant armour {unknown}
 p - a scroll of magic mapping {unknown}
 u - a scroll of fear {unknown}
Potions
 h - 2 potions of lignification {unknown}
 k - a potion of brilliance {unknown}
 l - 2 potions of flight {unknown}
 q - a potion of heal wounds {unknown}


   Skills:
 + Level 6.5 Fighting
 + Level 5.4 Axes
 + Level 6.0 Armour
 + Level 4.5 Dodging
 + Level 6.0 Stealth


You had 8 spell levels left.
You didn't know any spells.
Your spell library was empty.

Dungeon Overview and Level Annotations

Branches:
Dungeon (6/15)
 Temple: D:4-7

Altars:
Wu Jian

Shops:
D:5 !

Annotations:
D:6 1 transporter, dropkickpikachu's ghost, novice MiBe


Innate Abilities, Weirdness & Mutations

You are immune to sickness and miasma.
Your stone body is resilient. (AC +6)
You are immune to poison.
You resist negative energy. (rN+)
You are resistant to electric shocks. (rElec)
You are resistant to unholy torment.
You are immune to petrification.


Message History

Dropkickpikachu's ghost misses you.
You barely miss dropkickpikachu's ghost.
Dropkickpikachu's ghost is heavily damaged.
You are no longer berserk.
You are exhausted.
You feel yourself slow down.
You completely miss dropkickpikachu's ghost.
Dropkickpikachu's ghost is heavily damaged.
Dropkickpikachu's ghost hits you! x2
You miss dropkickpikachu's ghost.
Dropkickpikachu's ghost is moderately damaged.
Dropkickpikachu's ghost hits you but does no damage. x2
You miss dropkickpikachu's ghost.
Dropkickpikachu's ghost is moderately damaged.
Dropkickpikachu's ghost hits you!
You completely miss dropkickpikachu's ghost.
Dropkickpikachu's ghost is moderately damaged.
Dropkickpikachu's ghost hits you but does no damage.
Dropkickpikachu's ghost completely misses you.
You hit dropkickpikachu's ghost but do no damage.
Dropkickpikachu's ghost is moderately damaged.
Dropkickpikachu's ghost wails, "You must not succeed where I failed!"
Dropkickpikachu's ghost hits you!
* * * LOW HITPOINT WARNING * * *
You are too injured to fight recklessly!
You barely miss dropkickpikachu's ghost.
Dropkickpikachu's ghost is moderately damaged.
Dropkickpikachu's ghost misses you.
Dropkickpikachu's ghost closely misses you.
You are too injured to fight recklessly!
You completely miss dropkickpikachu's ghost.
Dropkickpikachu's ghost is moderately damaged.
Dropkickpikachu's ghost hits you but does no damage.
Unknown command.
Unknown command.
Okay, then.
Your skin crawls.
You feel strong-willed. Dropkickpikachu's ghost hits you!
You die...

.#.............###......(...#....
....###+#..#####.##.........#..#.
>...+.....##..©...#.........#..#.
....###+.##....#..##.....#..#..#.
.........#...#...#.#.....#..#..#.
.........##..##.#..#...###..#..#.
.........©#.#...#.##...# #..#..#.
.........##.|...#[#....# #..#....
.........# #©.@?#©...# #..#....
.........# #...#.W#....# #.....##
.........##.#.....##...###......#
#.........#...#.#..#.....#....#..
+.........#.?.#.#..#.....#....##.
#.........#.......##.....#.......
#.........###...###......#.#..##.
#...........#####.)....###.#..#..
#...#...###................#....#


You could see dropkickpikachu's ghost.

Vanquished Creatures
  A two-headed ogre (D:5)
  A troll (D:6)
  A water moccasin (D:3)
  A sky beast (D:6)
  An ogre (D:5)
  A scorpion (D:6)
  A wyvern skeleton (D:6)
  A water moccasin zombie (D:5)
  5 wights (D:6)
  A howler monkey (D:6)
  2 quasits (D:6)
  A jelly (D:6)
  3 orc priests
  A gnoll shaman (D:6)
  2 iguanas
  An orc wizard (D:4)
  7 gnolls
  A shadow imp (D:5)
  2 worms
  A dart slug (D:2)
  9 orcs
  4 endoplasms
  4 giant cockroaches (D:1)
  A goblin (D:1)
  3 hobgoblins
  3 jackals (D:3)
  A kobold (D:2)
  A quokka (D:2)
  3 ball pythons
  2 bats (D:3)
  A rat (D:1)
67 creatures vanquished.

Notes
Turn   | Place    | Note
-------+----------+-------------------------------------------
     0 | D:1      | browni3141 the Gargoyle Berserker began the quest for the
                  | Orb.
     0 | D:1      | Reached XP level 1. HP: 14/14 MP: 1/1
   125 | D:1      | Reached XP level 2. HP: 17/19 MP: 2/2
   472 | D:2      | Reached skill level 1 in Stealth
   871 | D:2      | Reached XP level 3. HP: 15/23 MP: 3/3
  1103 | D:3      | Noticed a water moccasin
  1114 | D:3      | Killed a water moccasin
  1115 | D:3      | Reached XP level 4. HP: 29/29 MP: 4/4
  1115 | D:3      | Reached XP level 5. HP: 33/33 MP: 5/5
  1391 | D:3      | Reached ** piety under Trog
  1527 | D:4      | Reached XP level 6. HP: 30/39 MP: 6/6
  1620 | D:5      | Entered Level 5 of the Dungeon
  1972 | D:5      | Found Arphueryu's Distillery.
  1996 | D:5      | Reached XP level 7. HP: 44/44 MP: 7/7
  2254 | D:5      | Noticed a two-headed ogre
  2263 | D:5      | Killed a two-headed ogre
  2264 | D:5      | Reached skill level 5 in Fighting
  2264 | D:5      | Reached skill level 5 in Armour
  2264 | D:5      | Reached XP level 8. HP: 22/50 MP: 8/8
  2572 | D:6      | Found an ornate altar of the Wu Jian Council.
  2633 | D:6      | Reached skill level 5 in Stealth
  2794 | D:6      | Found a transporter.
  2856 | D:6      | Noticed dropkickpikachu's ghost (novice MiBe)
  2865 | D:6      | Found a transporter.
  2883 | D:6      | Reached skill level 5 in Axes
  3482 | D:6      | Noticed a troll
  3488 | D:6      | Killed a troll
  3489 | D:6      | Reached XP level 9. HP: 39/56 MP: 9/9
  3778 | D:6      | HP: 1/56 [dropkickpikachu's ghost (16)]
  3781 | D:6      | Mangled by dropkickpikachu's ghost

Illustrated notes

Levels and vault maps discovered:
D:1:      saegor_arrival_miasma, layout_rooms,
          shapermc_ecumenical_altar_pompeii, minmay_worlds_worst_comb
D:2:      layout_basic, basic_altar, serial_bayou, serial_bayou_pond_a,
          serial_bayou_pond_e, serial_bayou_ford_a, serial_bayou_pond_d,
          minmay_distorted
D:3:      minmay_general_purpose_star, layout_basic, uniq_ijyb
D:4:      layout_loops_corners, fedhas_altar_4, minmay_temple_entry_arrows
D:5:      layout_rooms, serial_shops, shop, minmay_misc_feat_plants,
          grunt_decor_cap
D:6:      layout_basic, mainiacjoe_overflow_small_starburst,
          gammafunk_ghost_stat_death

Skill      XL: |  1  2  3  4  5  6  7  8  9 |
---------------+----------------------------+-----
Stealth        | 1 2 3 4 5 6 |  6.0
Fighting       | 4 5 6 |  6.5
Axes           | 3 4 5 |  5.4
Armour         | 3 4 5 6 |  6.0
Dodging        | 2 3 4 |  4.5

Action                   |  1- 3 |  4- 6 |  7- 9 || total
-------------------------+-------+-------+-------++-------
Melee: Hand axe          |    70 |    94 |   118 ||   282
       Punch             |       |     1 |     3 ||     4
Invok: Berserk           |     1 |     3 |     4 ||     8
       Trog's Hand       |       |       |     1 ||     1
 Stab: Sleeping          |     1 |       |     1 ||     2
Armor: Animal skin       |    23 |       |       ||    23
       Scale mail        |     7 |    59 |    71 ||   137
Dodge: Dodged            |    40 |    47 |    75 ||   162
